Workbook
Name \0: #REF!
Name \d: #REF!
Name \i: #REF!
Name \m: #REF!
Name \p: #REF!
Name \q: #REF!
Name ___SEC1200: #REF!
Name __1NEW_PROJECT: #REF!
Name __2P_PAY_CERTIFICA: #REF!
Name __3PRINT_ESCAL: #REF!
Name __4PRINT_PENALTIES: #REF!
Name __5PRINT_PROJECT_C: #REF!
Name __6PRINT_SPEC_SUBC: #REF!
Name __7SUM_FORMULAR: #REF!
Name _1NEW_PROJECT: #REF!
Name _2P_PAY_CERTIFICA: #REF!
Name _3PRINT_ESCAL: #REF!
Name _4PRINT_PENALTIES: #REF!
Name _5PRINT_PROJECT_C: #REF!
Name _6PRINT_SPEC_SUBC: #REF!
Name _7SUM_FORMULAR: #REF!
Name _Database_2: #REF!
Name _Regression_Int: 1
Name _SEC1200: #REF!
Name a: #REF!
Name Address: #REF!
Name Amangcoya_Constr._cc: #REF!
Name Area: #REF!
Name b: #REF!
Name Catherine_Schutte: #REF!
Name cc: #REF!
Name City: #REF!
Name Company: #REF!
Name Country: #REF!
Name Critical_Path_Construction: #REF!
Name Database_MI: #REF!
Name Email: #REF!
Name Excel_BuiltIn_Print_Area_5_1: #REF!
Name f: #REF!
Name Fax: #REF!
Name g: #REF!
Name Group_5___BoTT_JV: #REF!
Name HELP: #REF!
Name Hourly_Cost: #REF!
Name Inkonka_Construction: #REF!
Name Items_01: #REF!
Name jjjjjj: #REF!
Name Kala_Civils: #REF!
Name Lo: #REF!
Name Makhubu_Civil_Eng._Cc: #REF!
Name Melki_Civils___Plant_Hire: #REF!
Name MENU1: #REF!
Name Mo: #REF!
Name Mxoli_Civil_Constrution: #REF!
Name Name: #REF!
Name NEW: #REF!
Name NIL: #REF!
Name none: #REF!
Name p: #REF!
Name Phone: #REF!

Sheet FINAL SUMMARY PAGE
A1: HARRY GWALA DISTRICT MUNICIPALITY | C1: NAZARETH AND TEMBENI PIPELINE RETICULATION
A2: CONTRACT NUMBER: HGDM HGDM 886/HGDM/2025
A3: GREATER SUMMERFIELD WATER SUPPLY SCHEME PHASE 2: UPGRADE OF THE TEMBENI BULK WATER PIPELINE AND ASSOCIATED INFRASTRUCTURE | C3: REVISED WORK PACKAGE No.2
C4: CIDB GRADE 3CE
A5: SCHEDULE OF QUANTITIES
A7: SUMMARY OF BILL OF QUANTITIES
A9: SECTION | B9: DESCRIPTION | C9: AMOUNT
A12: 1.1 | B12: Schedule 1.1: General………………………………………………………………
A14: 2 | B14: Pipelines ……………………………………………………………………………………………
A15: 2.1 | B15: Schedule 2.1 - Site Clearance………………………………………………………………....................
A16: 2.2 | B16: Schedule 2.2 - Earthworks (Pipe Trenches)...……………………………………………............
A17: 2.3 | B17: Schedule 2.3 - Bedding (Pipes)...................……………………………………….…….....
A18: 2.4 | B18: Schedule 2.4 - Pipelines_ Bulk….........................……………………………………….………..
A19: 2.5 | B19: Schedule 2.5 - Pipelines_Reticulation….........................……………………………………….………..
B58: SUB TOTAL
B59: VALUE ADDED TAX AT 15%
B60: BID PRICE CARRIED FORWARD TO FORM OF OFFER AND ACCEPTANCE

Sheet 1.1 SANS A
A1: HARRY GWALA DISTRICT MUNICIPALITY | E1: NAZARETH AND TEMBENI PIPELINE RETICULATION
A2: ='FINAL SUMMARY PAGE'!A2 -> CONTRACT NUMBER: HGDM HGDM 886/HGDM/2025 | E2: WORK PACKAGE No.2
A3: GREATER SUMMERFIELD WATER SUPPLY SCHEME PHASE 2: UPGRADE OF THE TEMBENI BULK WATER PIPELINE AND ASSOCIATED INFRASTRUCTURE | E3: CIDB GRADE 3CE
A5: SCHEDULE OF QUANTITIES
A6: SECTION 1.1: GENERAL
A7: ITEM NO | C7: PAYMENT
B8: LI | C8: REFERS | D8: DESCRIPTION | E8: UNIT | F8: QTY | G8: RATE | H8: AMOUNT
C11: SANS | D11: SCHEUDLE 1.1: GENERAL
C12: 1200 A
A13: =IF(OR(AND(#REF!>0,#REF!=0),#REF!+#REF!>1),#REF!,"") -> #REF! | H13: =G13*F13 -> 0
C14: 8.3 | D14: SCHEDULED FIXED-CHARGE AND VALUE-RELATED ITEMS
A15: 1.1-1 | C15: PSA 8.3.1 | D15: Contractual Requirements
C17: 8.3.2.2 | D17: Facilities for Contractor:
A19: 1.1-2 | D19: i) General Safety obligations (incl. provision of personal protective equipment) | E19: Sum | F19: 1
A20: 1.1-19
A21: 1.1-3 | D21: ii) Health and Safety plan/file including health and safety training.
A22: 1.1-21
A23: 1.1-20 | D23: iii) Cost of medical certificates and medical surveillance | E23: Sum | F23: 1
A24: 1.1-4 | D24: iv) Allowance for Health and Safety Officer
C26: 8.4 | D26: SCHEDULED TIME-RELATED ITEMS
A28: 1.1-5 | C28: 8.4.1 | D28: Contractual Requirements.
A30: 1.1-6 | C30: 8.4.3 | D30: Contractor's supervision for duration of construction.
C32: PSA 8.4.6.1 | D32: OHS Act Obligations
A34: 1.1-7 | D34: i) General Safety obligations | E34: Month | F34: 2
A36: 1.1-8 | D36: ii) Health and Safety plan/file | E36: Month | F36: =F34 -> 2
A38: 1.1-9 | D38: (iii) Safety Officer
H41: =G41*F41 -> 0
H42: =G42*F42 -> 0
H43: =G43*F43 -> 0
H44: =G44*F44 -> 0
H45: =G45*F45 -> 0
H46: =G46*F46 -> 0
H47: =G47*F47 -> 0
H48: =G48*F48 -> 0
H49: =G49*F49 -> 0
A67: TOTAL CARRIED FORWARD TO FINAL SUMMARY

Sheet  2.1 SANS C
A1: HARRY GWALA DISTRICT MUNICIPALITY | E1: NAZARETH AND TEMBENI PIPELINE RETICULATION
A2: ='FINAL SUMMARY PAGE'!A2 -> CONTRACT NUMBER: HGDM HGDM 886/HGDM/2025 | E2: WORK PACKAGE No.2
A3: GREATER SUMMERFIELD WATER SUPPLY SCHEME PHASE 2: UPGRADE OF THE TEMBENI BULK WATER PIPELINE AND ASSOCIATED INFRASTRUCTURE | E3: CIDB GRADE 3CE
A5: SCHEDULE OF QUANTITIES
A6: SECTION 2.1: SITE CLEARANCE (PIPELINE & PIPELINE CHAMBERS)
A7: ITEM NO | C7: PAYMENT
B8: LI | C8: REFERENCE | D8: DESCRIPTION | E8: UNIT | F8: QTY | G8: RATE | H8: AMOUNT
C11: SANS | D11: SCHEUDLE 2.1: SITE CLEARANCE (PIPELINES)
C12: 1200 C
C14: 8.2 | D14: SCHEDULED ITEMS
C16: 8.3.1 | D16: Site Clearance and Removal of Topsoil
A17: 2.1-1 | C17: 8.3.1 a), LI | D17: Clear and grub vegetation in strip 1m wide along pipe route. | E17: m | F17: =5000+5000 -> 10000
A18: 2.1-2 | C18: 8.3.1 c), LI | D18: Remove topsoil to trench width and a depth of 150mm, stockpile, maintain and replace once trench has been backfilled | E18: m3 | F18: =10000*0.15*0.6 -> 900
A41: SUB - TOTAL CARRIED FORWARD TO FINAL SUMMARY
I258: Ø
I260: m
I261: m
I262: m³
I263: m³

Sheet 2.2 SANS DB
A1: HARRY GWALA DISTRICT MUNICIPALITY | E1: NAZARETH AND TEMBENI PIPELINE RETICULATION
A2: ='FINAL SUMMARY PAGE'!A2 -> CONTRACT NUMBER: HGDM HGDM 886/HGDM/2025 | E2: WORK PACKAGE No.2
A3: GREATER SUMMERFIELD WATER SUPPLY SCHEME PHASE 2: UPGRADE OF THE TEMBENI BULK WATER PIPELINE AND ASSOCIATED INFRASTRUCTURE | E3: CIDB GRADE 3CE
A5: SCHEDULE OF QUANTITIES
A6: SECTION 2.2: EARTHWORKS (PIPELINE)
A7: ITEM NO | B7: LI | C7: PAYMENT | D7: DESCRIPTION | E7: UNIT | F7: QTY | G7: RATE | H7: AMOUNT
C8: REFERENCE
C10: SANS | D10: SCHEUDLE 2.2: EARTHWORKS (PIPE TRENCHES)
C11: 1200 DB
H12: =G12*F12 -> 0
C13: 8.3 | D13: SCHEDULED ITEMS
H14: =G14*F14 -> 0
C15: 8.3.2 | D15: Excavation
A17: 2.2-1 | C17: 8.3.2 PSD 2.1, LI | D17: a) Excavation in all materials for trenches | E17: m3 | F17: =10000*0.6*1 -> 6000
D19: b) Extra over item 2.004 above for:
A20: 2.2-2 | D20: i) Hard Rock Excavation | E20: m³ | F20: 10
A22: 2.2-3 | D22: c) Excavate and dispose of unsuitable material from trench bottom | E22: m³ | F22: 10
C24: 8.3.3 | D24: Excavation Ancillaries
C26: 8.3.3.1 | D26: Make up deficiency in backfill material
A27: 2.2-4 | D27: a) by importation from commercial or off-site sources selected by the Contractor | E27: m³ | F27: 30
C29: 8.3.3.4 | D29: Overhaul within 30 km radius
A30: 2.2-5 | D30: a) Limited overhaul | E30: m³ | F30: 30
C32: 8.3.6 | D32: Finishing
D33: Reinstate road surface complete with all courses;-
A34: 2.2-6 | D34: a) Gravel on shoulders | E34: m2 | F34: 50
A36: 2.2-7 | C36: 8.3.7 | D36: Accommodation of traffic. Traffic shall be disrupted to the minimum or not at all if possible. | E36: Days | F36: 5
A62: SUB - TOTAL CARRIED FORWARD TO FINAL SUMMARY
K225: 0.3 | L225: Ø
K227: =60 -> 60 | L227: m
K228: 0.7 | L228: m
K229: =K227*((K228*(K225+0.2))-(PI()*K225*K225/4)) -> 16.75885 | L229: m³
K230: =K227*K228*0.3 -> 12.6 | L230: m³

Sheet 2.3 SANS LB 
A1: HARRY GWALA DISTRICT MUNICIPALITY | E1: NAZARETH AND TEMBENI PIPELINE RETICULATION
A2: ='FINAL SUMMARY PAGE'!A2 -> CONTRACT NUMBER: HGDM HGDM 886/HGDM/2025 | E2: REVISED WORK PACKAGE No.2
A3: GREATER SUMMERFIELD WATER SUPPLY SCHEME PHASE 2: UPGRADE OF THE TEMBENI BULK WATER PIPELINE AND ASSOCIATED INFRASTRUCTURE | E3: CIDB GRADE 3CE
A5: SCHEDULE OF QUANTITIES
A6: SECTION 2.3: BEDDING PIPES
A7: ITEM NO | B7: LI | C7: PAYMENT | D7: DESCRIPTION | E7: UNIT | F7: QTY | G7: RATE | H7: AMOUNT
C8: REFERENCE
C9: SANS | D9: SCHEUDLE 2.3: BEDDING (PIPES)
C10: 1200 LB
H11: =G11*F11 -> 0
C12: 8.2 | D12: SCHEDULED ITEMS
C14: 8.2.1 | D14: PROVISION OF BEDDING FROM TRENCH EXCAVATION
A16: 2.3-1 | D16: (a) Selected Granular material | E16: mᶟ | F16: =10000*0.2*0.6 -> 1200
A17: 2.3-2 | D17: (b) Selected fill material | E17: mᶟ | F17: =ROUNDUP(10000*(0.6*0.35-PI()*0.05*0.05/4),0) -> 2081
C19: 8.2.2 | D19: Supply only of bedding by importation
C20: 8.2.2.1 | D20: From other necessary excavations (Provisional)
A21: 2.3-3 | D21: a) Selected granular material | E21: m3 | F21: 20
A22: 2.3-4 | D22: b) Selected fill material | E22: m3 | F22: 20
A51: SUB - TOTAL CARRIED FORWARD TO FINAL SUMMARY
A101: TOTAL CARRIED FORWARD | H101: =SUM(H53:H99) -> 0

Sheet 2.5 SANS L Reticulation
A1: HARRY GWALA DISTRICT MUNICIPALITY | E1: NAZARETH AND TEMBENI PIPELINE RETICULATION
A2: ='FINAL SUMMARY PAGE'!A2 -> CONTRACT NUMBER: HGDM HGDM 886/HGDM/2025 | E2: WORK PACKAGE No.2
A3: GREATER SUMMERFIELD WATER SUPPLY SCHEME PHASE 2: UPGRADE OF THE TEMBENI BULK WATER PIPELINE AND ASSOCIATED INFRASTRUCTURE | E3: CIDB GRADE 3CE
A5: SCHEDULE OF QUANTITIES
A6: SECTION 2.5: PIPELINES
A7: ITEM NO | C7: PAYMENT
B8: LI | C8: REFERENCE | D8: DESCRIPTION | E8: UNIT | F8: QTY | G8: RATE | H8: AMOUNT | I8: LOCAL
I9: CONTENT
C11: SANS | D11: SCHEUDLE 2.4: PIPELINES
C12: 1200 L
D14: MEDIUM PRESSURE PIPELINES
C16: 8.2.1 | D16: Supply, delivery , instaltions, lay and bed (flexible pipe bedding) shouldered end pipes complete with coupling, test and disinfect for the following diameters.
A18: 2.5-1 | D18: a) 50 mm diameter HDPE Class 16 | E18: m | F18: =1275+1275 -> 2550
A19: 2.5-2 | D19: b) 50 mm diameter HDPE Class 20 | E19: m | F19: =3680+3680 -> 7360
A20: 2.5-3 | D20: c) 63mm diameter HDPE Class 20
A21: 2.5-4 | D21: d) 75mm diameter HDPE Class 20
C23: 8.2.2 | D23: Extra over Item A-1.2.9 for the supply laying and bedding of specials completed with couplings (shouldered ends unless otherwise specified) and including corrosion protection with denso tape covering of all exposed steel couplings.
D25: HDPE Class 20 bends 90º
A27: 2.5-5 | D27: 50 mm diameter | E27: No | F27: 6
A28: 2.5-6 | D28: 63 mm diameter
A55: SUB - TOTAL CARRIED FORWARD
A58: SUB - TOTAL BROUGHT FORWARD
D61: HDPE Class 20 tees:
A63: 2.5-15 | D63: 110 mm x 50 mm diameter | E63: No | F63: 6
A64: 2.5-16 | D64: 90 mm x 50 mm diameter | E64: No | F64: 7
A65: 2.5-17 | D65: 75 mm x 50 mm diameter | E65: No | F65: 4
A66: 2.5-18 | D66: 63 mm x 50 mm diameter | E66: No
A67: 2.5-19 | D67: 50mm x 50 mm diameter | E67: No | F67: 10
D69: End caps
A71: 2.5-20 | D71: 50 mm diameter | E71: No | F71: 25
A72: 2.5-21 | D72: 90 mm diameter
C74: 8.2.5 | D74: Supply and place pipes in short runs, uPVC pipes, fittings and valves.
D76: Supplying, laying and bedding of isolating resilient seal gate type valve PN 20 or similar approved in standard manholes complete as shown in drawings for uPVC pipeline diameters:
A77: 2.5-22 | D77: 50 mm diameter | E77: No | F77: 9
A78: 2.5-23 | D78: 63 mm diameter | E78: No | F78: 1
A106: SUB - TOTAL CARRIED FORWARD TO SUMMARY
